 Dungeon Crawl Stone Soup version 0.20.1-1-g8b1a95d (webtiles) character file.

46 gobwax the Slasher (level 3, -2/31 HPs)
             Began as a Minotaur Fighter on Sept 8, 2017.
             Succumbed to Terence's poison
             ... on level 3 of the Dungeon.
             The game lasted 00:01:44 (1648 turns).

gobwax the Slasher (Minotaur Fighter)               Turns: 1648, Time: 00:01:45

Health: -2/31      AC:  3    Str: 21    XL:     3   Next: 44%
Magic:  2/2        EV: 13    Int: 10    God:
Gold:   102        SH:  9    Dex: 14    Spells: 2/2 levels left

rFire    + . .     SeeInvis .   a - +0 long sword
rCold    . . .     Gourm    .   c - +0 shield
rNeg     . . .     Faith    .   e - +0 leather armour {rF+}
rPois    .         Spirit   .   (helmet restricted)
rElec    .         Reflect  .   (no cloak)
rCorr    .         Harm     .   (no gloves)
MR       .....                  (no boots)
Stlth    ++........             (no amulet)
Regen    0.1/turn               (no ring)
MPRegen  0.1/turn               (no ring)

@: brilliant, agile, lethally poisoned (-2 -> -39)
A: retaliatory headbutt, horns 2
a: no special abilities


You were on level 3 of the Dungeon.
You were very hungry.

You visited 1 branch of the dungeon, and saw 3 of its levels.

You collected 102 gold pieces.

Inventory:

Hand Weapons
 a - a +0 long sword (weapon)
Armour
 b - a +0 scale mail
 c - a +0 shield (worn)
 e - a +0 leather armour of fire resistance (worn)
Jewellery
 t - a +4 ring of strength {unknown}
Scrolls
 i - 2 scrolls of amnesia {unknown}
 k - 3 scrolls of teleportation {unknown}
 l - a scroll of remove curse {unknown}
 n - a scroll of identify {unknown}
 r - a scroll of recharging {unknown}
 u - a scroll of enchant armour {unknown}
Potions
 d - 2 potions of might
 h - 3 potions of brilliance
 j - a potion of agility
 m - a potion of haste {unknown}
 o - a potion of degeneration {unknown}
 p - a potion of lignification {unknown}
 q - a potion of curing {unknown}
 s - 2 potions of berserk rage {unknown}
Comestibles
 f - a bread ration
 g - 2 meat rations


   Skills:
 - Level 3.6 Fighting
 * Level 4.7 Long Blades
 - Level 3.6 Armour
 - Level 3.6 Shields


You had 2 spell levels left.
You didn't know any spells.

Dungeon Overview and Level Annotations

Branches:
Dungeon (3/15)

Altars:
Nemelex Xobeh
Qazlal

Annotations:
D:3 Terence


Innate Abilities, Weirdness & Mutations

You reflexively headbutt those who attack you in melee.
You have a pair of horns on your head.


Message History

Terence is heavily wounded.
You feel very sick. You block Terence's attack.
You closely miss Terence. Your headbutt misses Terence.
Terence is heavily wounded.
You feel very sick.
Terence hits you with a short sword of venom!
* * * LOW HITPOINT WARNING * * *
Terence says, "Did you write a will?
You should..."
Terence barely misses you.
It was a potion of brilliance.
You feel clever all of a sudden.
* * * LOW HITPOINT WARNING * * *
You feel sick.
Terence hits you with a short sword of venom.
* * * LOW HITPOINT WARNING * * *
You are more poisoned.
It was a potion of agility.
You feel agile all of a sudden.
You die...

### ...# #...##
.. ####.....#
....###@@....⌠.⌠
#.....%......_.
###..#...#..⌠.⌠
#...........$
#[...........
#...?........
..............
..##...<......#
.## ..#.?.#...##


You could see Terence.

Vanquished Creatures
  3 worms (D:2)
  A dart slug (D:2)
  3 leopard geckos
  A ball python (D:2)
  3 bats
  4 goblins
  4 hobgoblins (D:2)
  3 jackals (D:2)
  A kobold (D:1)
  A quokka (D:2)
  4 frilled lizards
  A rat (D:1)
29 creatures vanquished.

Notes
Turn   | Place    | Note
-------+----------+-------------------------------------------
     0 | D:1      | gobwax the Minotaur Fighter began the quest for the Orb.
     0 | D:1      | Reached XP level 1. HP: 19/19 MP: 0/0
   118 | D:1      | Reached skill level 3 in Long Blades
   313 | D:1      | Reached XP level 2. HP: 19/26 MP: 1/1
   595 | D:2      | Reached skill level 4 in Long Blades
   726 | D:2      | Reached XP level 3. HP: 31/31 MP: 2/2
   912 | D:2      | Found a stormy altar of Qazlal.
  1366 | D:3      | Found a sparkling altar of Nemelex Xobeh.
  1367 | D:3      | Noticed Terence
  1647 | D:3      | HP: 1/31 [Terence/short sword of venom (2)]
  1648 | D:3      | Succumbed to Terence's poison

Skill      XL: |  1  2 |
---------------+-------+-----
Long Blades    | 3 4 |  4.7
Fighting       | |  3.6
Armour         | |  3.6
Shields        | |  3.6

Action                   || total
-------------------------++-------
Melee: Long sword        ||    88
       Headbutt          ||    15
  Use: Potion            ||     2
  Eat: Chunk             ||     1
Armor: Leather armour    ||    17
Dodge: Dodged            ||    29
Block: Shield            ||    43
       Rpst.: Long sword ||     5
